 Dungeon Crawl Stone Soup version 0.27.1-34-g3ba077fa99 (webtiles) character file.

Game seed: 18214838866225927397

937 mcbry74 the Ruffian (level 7, -1/61 HPs)
             Began as a Troll Monk on Jan 28, 2022.
             Was a Plaything of Xom.
             Slain by a tarantella (shapeshifter) (13 damage)
             ... on level 5 of the Dungeon.
             The game lasted 00:13:53 (3370 turns).

mcbry74 the Ruffian (Troll Monk)                    Turns: 3370, Time: 00:13:53

Health: -1/61      AC:  5    Str: 20    XL:     7   Next: 87%
Magic:  6/6        EV: 10    Int:  8    God:    Xom [*.....]
Gold:   291        SH:  0    Dex: 12    Spells: 4/6 levels left

rFire    + . .     SeeInvis .     - Unarmed
rCold    . . .     Faith    .   (no shield)
rNeg     . . .     Spirit   .   a - +0 robe
rPois    .         Reflect  .   (helmet restricted)
rElec    .         Harm     .   k - +0 cloak
rCorr    .         Rampage  .   (gloves unavailable)
Will     .....                  (boots unavailable)
Stlth    +.........             l - amulet of regeneration
HPRegen  2.20/turn              g - ring of protection from fire
MPRegen  0.10/turn              (no ring)

@: confused, unable to read
A: large, unfitting armour, claws 3, regeneration 1, shaggy fur 1, tough skin 1,
frail 1, mutation resistance 1, screaming 2, inability to read while threatened
a: Renounce Religion


You were on level 5 of the Dungeon.
You worshipped Xom.
You were a special plaything of Xom.
You visited 1 branch of the dungeon, and saw 5 of its levels.

You collected 291 gold pieces.

Inventory:

Hand Weapons
 u - a +1 dire flail of distortion
 v - the +6 short sword of Ganasyox {elec, rElec rC++ rCorr}
   (You found it on level 5 of the Dungeon)

   It occasionally discharges a powerful burst of electricity upon striking a
   foe.
   rC:        It greatly protects you from cold.
   rElec:     It insulates you from electricity.
   rCorr:     It protects you from acid and corrosion.
Armour
 a - a +0 robe (worn)
 k - a +0 cloak (worn)
Jewellery
 g - a ring of protection from fire (left claw)
 l - an amulet of regeneration (around neck)
Scrolls
 b - 2 scrolls of immolation {unknown}
 e - a scroll of blinking {unknown}
 i - a scroll of amnesia {unknown}
 j - 2 scrolls of enchant armour {unknown}
 m - a scroll of identify {unknown}
 n - a scroll of noise {unknown}
 q - a scroll of silence {unknown}
Potions
 c - a potion of lignification {unknown}
 d - a potion of haste {unknown}
 f - 3 potions of curing {unknown}
 h - 2 potions of might {unknown}
 p - a potion of degeneration {unknown}
 s - a potion of resistance {unknown}
 t - a potion of attraction {unknown}
 w - a potion of mutation {unknown}
Miscellaneous
 o - a piece from Xom's chessboard (15/15)
 r - a phial of floods (inert)


   Skills:
 - Level 3.7 Fighting
 - Level 3.6 Dodging
 - Level 1.5 Stealth
 * Level 7.1 Unarmed Combat
 + Level 2.9 Earth Magic


You had 4 spell levels left.
You knew the following spells:

 Your Spells              Type           Power      Damage    Failure   Level
a - Passwall              Tmut/Erth      1%         N/A       36%         2

Your spell library contained the following spells:

 Spells                   Type           Power      Damage    Failure   Level
 Freeze                   Ice            0%         1d3       41%         1
 Stone Arrow              Conj/Erth      4%         3d7       58%         3
 Frozen Ramparts          Ice            0%         1d2       78%         3
 Ignite Poison            Fire/Tmut/Pois 0%         N/A       78%         3
 Mephitic Cloud           Conj/Pois/Air  0%         N/A       78%         3
 Swiftness                Air            0%         N/A       78%         3
 Animate Armour           Summ/Erth      4%         N/A       94%         4
 Hailstorm                Conj/Ice       0%         3d3       99%         4
 Blade Hands              Tmut           0%         N/A       100%        5
 Bolt of Magma            Conj/Fire/Erth 0%         4d4       100%        5
 Invisibility             Hex            0%         N/A       100%        6
 Iron Shot                Conj/Erth      1%         9d1       100%        6
 Shatter                  Erth           2%         3d6*      100%        9


Dungeon Overview and Level Annotations

Branches:
Dungeon (5/15)
 Temple: D:4-7

Altars:
Xom


Innate Abilities, Weirdness & Mutations

You are too large for most types of armour.
You have claws for hands.
Your natural rate of healing is unusually fast.
You are covered in fur. (AC +1)
You have tough skin. (AC +1)
You are frail. (-10% HP)
You are somewhat resistant to further mutation.
You frequently scream uncontrollably at your foes.
You sometimes lose the ability to read scrolls when taking damage.


Message History

The scorpion stings you but does no damage.
You scratch the scorpion.
The scorpion is heavily wounded.
You feel sick. The scorpion stings you.
You are more poisoned.
The scorpion poisons you!
You mangle the scorpion!!
You kill the scorpion!
You feel sick.
You barely miss the scorpion.
You feel sick. The scorpion barely misses you.
You claw the scorpion!
The scorpion is heavily wounded.
You feel sick. "Hum-dee-hum-dee-hum..."
The scorpion changes into a shapeshifter!
The shapeshifter changes into a tarantella!
A quokka comes into view.
You barely miss the tarantella.
You feel sick. The tarantella bites you.
You scratch the tarantella but do no damage.
You feel sick.
The tarantella bites you but does no damage.
You scratch the tarantella.
The tarantella is lightly wounded.
You feel sick. The tarantella bites you!
You feel threatened and lose the ability to read scrolls!
You claw the tarantella!
The tarantella is moderately wounded.
You feel sick. The tarantella closely misses you. The tarantella bites you!
You are confused.
You feel sick.
You're too confused to move!
You feel sick.
You are no longer poisoned.
The tarantella closely misses you. The tarantella bites you!
You bump into the rock wall.
The tarantella barely misses you.
You bump into the rock wall.
The tarantella bites you!
* * * LOW HITPOINT WARNING * * *
You are more confused.
The tarantella bites you!
You die...
Xom chortles!

#†......# >#
##..###### #.# .#
#....# #.# #.##.# #.#
.#.##.### #.#
....#...##### #.#
#.#...#.....####.#
..###...###....#.###.#
### ###........@.....#
##########s###.# #h#
#####r###
####.......#.##
..............#
##..........#.#
####......<# #
#..........


You could see a tarantella shaped shifter, a hound and a quokka.

Vanquished Creatures
  Sigmund (D:2)
  Edmund (D:4)
  2 scorpions
  A howler monkey (D:5)
  A bullfrog zombie (D:5)
  A centaur skeleton (D:5)
  2 orc priests
  Crazy Yiuf (D:2)
  2 hounds (D:5)
  Jessica (D:2)
  An iguana (D:4)
  An orc wizard (D:5)
  A hound skeleton (D:4)
  5 adders
  10 gnolls
  An ufetubus (D:5)
  A worm (D:2)
  2 dart slugs
  11 orcs
  5 endoplasms
  2 giant cockroaches (D:3)
  3 goblins
  3 hobgoblins (D:3)
  5 jackals
  4 ball pythons
  6 bats
  2 frilled lizards
  6 kobolds
  2 rats
84 creatures vanquished.

Notes
Turn   | Place    | Note
-------+----------+-------------------------------------------
     0 | D:1      | mcbry74 the Troll Monk began the quest for the Orb.
     0 | D:1      | Reached XP level 1. HP: 22/22 MP: 0/0
    42 | D:1      | Found a faded altar of an unknown god.
    42 | D:1      | Noticed a great orb of eyes
    46 | D:1      | Noticed a great orb of eyes
    46 | D:1      | Noticed a floating eye
    46 | D:1      | Noticed a great orb of eyes
    51 | D:1      | Became a worshipper of Xom of Chaos
   181 | D:1      | XOM: divination: detect creatures
   778 | D:2      | Found a runed translucent door.
   779 | D:2      | Noticed Crazy Yiuf
   819 | D:2      | Noticed Sigmund
   827 | D:2      | HP: 1/22 [Sigmund/puff of flame (3)]
   841 | D:2      | XOM: cast spell 'Disjunction'
   871 | D:2      | Killed Sigmund
   872 | D:2      | Reached skill level 4 in Unarmed Combat
   872 | D:2      | Reached XP level 2. HP: 31/31 MP: 1/1
   872 | D:2      | Reached XP level 3. HP: 37/37 MP: 2/2
   872 | D:2      | Reached XP level 4. HP: 45/45 MP: 3/3
   872 | D:2      | Reached XP level 5. HP: 53/53 MP: 4/4
  1011 | D:2      | Noticed Jessica
  1027 | D:2      | Killed Jessica
  1137 | D:2      | XOM: polymorph gnoll -> scorpion
  1140 | D:2      | XOM: enchant monster (good)
  1143 | D:2      | Reached XP level 6. HP: 60/61 MP: 5/5
  1258 | D:2      | XOM: 3-stop teleportation journey
  1519 | D:2      | Killed Crazy Yiuf
  1723 | D:3      | XOM is BORED!
  1723 | D:3      | XOM: give mutations
  1723 | D:3      | Gained mutation: You are frail. (-10% HP) [Xom's mischief]
  1723 | D:3      | Gained mutation: You occasionally shout uncontrollably at
                  | your foes. [Xom's mischief]
  1723 | D:3      | Gained mutation: You sometimes lose the ability to read
                  | scrolls when taking damage. [Xom's mischief]
  1788 | D:3      | Reached skill level 5 in Unarmed Combat
  2121 | D:3      | Learned a level 2 spell: Passwall
  2143 | D:4      | XOM: give mutations
  2143 | D:4      | Gained mutation: You possess an exceptional clarity of
                  | mind. [Xom's grace]
  2143 | D:4      | Gained mutation: You are somewhat resistant to further
                  | mutation. [Xom's grace]
  2205 | D:4      | XOM: god gift: piece from Xom's chessboard (15/15)
  2250 | D:4      | XOM: 1-stop teleportation journey
  2318 | D:4      | XOM: 5-stop teleportation journey
  2412 | D:4      | Reached skill level 1 in Earth Magic
  2566 | D:4      | Reached XP level 7. HP: 61/61 MP: 6/6
  2607 | D:4      | XOM: god gift: phial of floods
  3053 | D:4      | Noticed Edmund
  3063 | D:4      | XOM: enchant monster (good)
  3067 | D:4      | Killed Edmund
  3068 | D:4      | Reached skill level 6 in Unarmed Combat
  3195 | D:5      | Entered Level 5 of the Dungeon
  3201 | D:5      | XOM: give mutations
  3201 | D:5      | Lost mutation: You possess an exceptional clarity of mind.
                  | [Xom's mischief]
  3201 | D:5      | Gained mutation: You are very frail. (-20% HP) [Xom's
                  | mischief]
  3201 | D:5      | Gained mutation: You frequently scream uncontrollably at
                  | your foes. [Xom's mischief]
  3201 | D:5      | Lost mutation: You are very frail. (-20% HP) [Xom's
                  | mischief]
  3246 | D:5      | Identified the +6 short sword of Ganasyox {elec, rElec rC++
                  | rCorr}
  3358 | D:5      | Reached skill level 7 in Unarmed Combat
  3362 | D:5      | Noticed a shapeshifter
  3362 | D:5      | a scorpion changed into a shapeshifter
  3362 | D:5      | XOM: polymorph scorpion -> shapeshifter
  3362 | D:5      | Noticed a tarantella
  3362 | D:5      | a shapeshifter changed into a tarantella
  3370 | D:5      | Slain by a tarantella (shapeshifter)

Illustrated notes

Levels and vault maps discovered:
D:1:      dpeg_arrival_tiny_j, layout_loops_ring,
          hellmonk_ecumenical_altar_watching_god, feat_on_display
D:2:      layout_basic, kennysheep_big_empty_room, uniq_jessica, uniq_sigmund,
          uniq_crazy_yiuf_cottage
D:3:      layout_rooms, kennysheep_decorative_pillar, minmay_pentangle
D:4:      layout_basic, uniq_edmund
D:5:      layout_rooms, mainiacjoe_overflow_alcove_1, grunt_ministairs_2

Skill      XL: |  1  2  3  4  5  6  7 |
---------------+----------------------+-----
Fighting       | 3 |  3.7
Dodging        | 3 |  3.6
Unarmed Combat | 4 5 7 |  7.1
Earth Magic    | 1 2 |  2.9
Stealth        | |  1.5

Action                   |  1- 3 |  4- 6 |  7- 9 || total
-------------------------+-------+-------+-------++-------
Melee: Unarmed           |    20 |   145 |    76 ||   241
       Punch             |       |     2 |       ||     2
Evoke: Piece from Xom's  |       |     1 |       ||     1
       Phial of floods   |       |       |     1 ||     1
 Stab: Sleeping          |     1 |     3 |       ||     4
       Petrifying        |       |     1 |       ||     1
       Petrified         |       |     1 |       ||     1
       Paralysed         |       |       |     4 ||     4
Armor: Robe              |     6 |    39 |    20 ||    65
Dodge: Dodged            |    10 |    69 |    29 ||   108
